Map: Blackburn LE

Players

GunGFuBanDa - Winner!

  • Race: Protoss Protoss
  • League: Grandmaster

BlyOnFire (Bly)

  • Race: Zerg Zerg

Event: DreamHack SC2 Masters 2021 Summer

VOD

Have the link to the VOD?

Description

Time

  • Played on: May 30, 2021, 11:44 a.m.
  • Length: 18:12

All games in this series

Show
View Real Time Build Order
Export as new Build Order

GunGFuBanDa Protoss - Winner!

Build Orders: 1 Gate Expand 

Get SALT Encoding   

  12  0:00  Probe  
  13  0:12  Probe  
  14  0:18  Pylon  
  14  0:24  Probe (Chrono Boost)  
  15  0:37  Probe (Chrono Boost)  
  15  0:38  Gateway  
  16  0:44  Probe (Chrono Boost)  
  17  0:51  Probe, Assimilator  
  18  1:03  Probe  
  19  1:16  Probe  
  20  1:26  Nexus  
  20  1:36  Cybernetics Core  
  20  1:39  Probe  
  21  1:47  Assimilator  
  21  1:51  Probe  
  22  1:54  Pylon  
  22  2:03  Probe (Chrono Boost)  
  23  2:12  Adept (Chrono Boost)  
  26  2:15  Probe (Chrono Boost)  
  26  2:21  Twilight Council  
  26  2:23  Probe (Chrono Boost)  
  26  2:24  Warp Gate  
  27  2:32  Probe (Chrono Boost)  
  28  2:38  Probe (Chrono Boost)  
  28  2:40  Stalker (Chrono Boost)  
  32  2:47  Probe x2 (Chrono Boost)  
  33  2:55  Robotics Facility  
  33  2:57  Probe  
  34  3:02  Probe (Chrono Boost)  
  36  3:14  Probe x2 (Chrono Boost), Resonating Glaives (Chrono Boost)  
  36  3:16  Gateway  
  37  3:23  Probe (Chrono Boost)  
  37  3:24  Probe (Chrono Boost)  
  37  3:25  Adept  
  41  3:29  Probe  
  41  3:32  Gateway  
  42  3:38  Gateway  
  42  3:45  Cybernetics Core  
  42  3:49  Warp Prism (Chrono Boost)  
  44  3:58  Probe  
  44  3:59  Pylon  
  45  4:03  Probe, Pylon  
  46  4:10  Pylon  
  46  4:17  Probe x2  
  46  4:18  Adept  
  46  4:19  Adept  
  52  4:29  Probe x2  
  54  4:34  Adept x2  
  58  4:39  Pylon  
  58  4:41  Probe x2, Assimilator  
  58  4:43  Adept  
  62  4:53  Probe x2  
  64  5:02  Adept x2  
  64  5:05  Probe x2  
  66  5:14  Adept  
  66  5:17  Assimilator  
  66  5:18  Probe x2  
  70  5:27  Robotics Bay  
  70  5:30  Probe x2, Adept  
  70  5:31  Adept  
  76  5:41  Pylon  
  76  5:42  Probe, Pylon  
  78  5:44  Nexus  
  78  5:45  Pylon  
  78  5:51  Observer (Chrono Boost)  
  78  5:58  Pylon  
  76  6:12  Adept x3  
  76  6:14  Blink  
  75  6:20  Disruptor (Chrono Boost)  
  78  6:30  Probe  
  78  6:32  Probe  
  80  6:33  Sentry x2  
  80  6:38  Forge  
  80  6:39  Pylon  
  84  6:40  Pylon  
  84  6:42  Probe  
  84  6:43  Pylon  
  84  6:44  Probe  
  86  6:52  Disruptor (Chrono Boost)  
  86  6:53  Assimilator  
  86  6:54  Probe (Chrono Boost)  
  86  6:58  Probe (Chrono Boost), Assimilator  
  86  7:01  Probe (Chrono Boost)  
  92  7:02  Shield Battery  
  92  7:04  Pylon  
  92  7:06  Probe (Chrono Boost)  
  94  7:09  Probe (Chrono Boost)  
  94  7:10  Probe (Chrono Boost)  
  94  7:12  Stalker  
  94  7:13  Gateway, Stalker x2  
  101  7:20  Probe, Adept  
  102  7:24  Disruptor (Chrono Boost)  
  99  7:30  Probe  
  99  7:37  Protoss Ground Weapons Level 1 (Chrono Boost)  
  99  7:38  Probe x2  
  99  7:39  Stalker  
  99  7:40  Stalker  
  99  7:42  Probe, Phoenix  
  104  7:50  Probe, Photon Cannon  
  103  7:54  Gateway  
  103  7:55  Photon Cannon, Gateway  
  103  7:58  Pylon, Stalker x2  
  107  8:01  Gateway  
  107  8:03  Gateway  
  107  8:06  Gateway  
  107  8:16  Stalker  
  109  8:25  Stalker x4  
  117  8:34  Pylon  
  117  8:37  Charge, Stargate  
  117  8:38  Pylon  
  117  8:47  Stalker  
  119  8:53  Stalker x2  
  119  8:54  Stalker x4  
  131  9:04  Shield Battery  
  131  9:07  Shield Battery  
  131  9:21  Stalker x3  
  131  9:22  Stalker x5  
  147  9:47  Adept x10  
  163  9:57  Phoenix  
  161  10:16  Disruptor  
  164  10:21  Adept x8  
  158  10:45  Protoss Ground Weapons Level 2 (Chrono Boost)  
  158  10:48  Nexus  
  158  10:55  Pylon  
  154  11:10  Stalker x7  
  118  11:26  Probe (Chrono Boost)  
  118  11:31  Probe x2 (Chrono Boost)  
  110  11:38  Probe (Chrono Boost)  
  110  11:39  Probe (Chrono Boost)  
  108  11:41  Disruptor  
  109  11:51  Adept x3  
  109  11:53  Probe x2 (Chrono Boost)  
  116  11:58  Probe (Chrono Boost)  
  112  12:02  Templar Archives, Probe x2 (Chrono Boost)  
  112  12:06  Probe (Chrono Boost)  
  112  12:07  Probe (Chrono Boost)  
  113  12:08  Probe  
  113  12:10  Probe  
  116  12:16  Probe, Disruptor  
  116  12:18  Probe  
  119  12:22  Adept x2  
  119  12:23  Adept x3  
  125  12:34  Probe x3  
  128  12:37  Zealot x4  
  136  12:51  Zealot  
  136  12:52  Disruptor, Zealot  
  143  12:58  Probe  
  143  13:01  Probe  
  143  13:02  Probe x2  
  138  13:10  Probe  
  137  13:13  Probe  
  137  13:14  Probe x2  
  137  13:15  High Templar x5  
  137  13:16  High Templar, Zealot x3  
  137  13:18  Shield Battery  
  158  13:22  Archon  
  158  13:23  Archon x2  
  158  13:27  Probe (Chrono Boost)  
  158  13:29  Observer  
  158  13:33  Probe x2 (Chrono Boost)  
  163  13:34  Probe (Chrono Boost)  
  163  13:36  Probe (Chrono Boost)  
  163  13:40  Probe x2 (Chrono Boost)  
  163  13:41  Probe (Chrono Boost), Fleet Beacon  
  167  13:42  Stargate  
  159  13:59  Zealot x4  
  159  14:00  Zealot x2  
  159  14:01  Zealot  
  154  14:09  Probe  
  154  14:14  Observer (Chrono Boost)  
  152  14:18  Probe x2  
  152  14:21  Photon Cannon  
  154  14:31  Carrier (Chrono Boost)  
  154  14:32  Carrier (Chrono Boost)  
  166  14:42  Disruptor, Protoss Air Weapons Level 1 (Chrono Boost)  
  163  15:06  Probe  
  164  15:09  Assimilator x2  
  164  15:12  Zealot  
  164  15:13  Shield Battery, Zealot x9  
  184  15:14  Photon Cannon  
  184  15:15  Disruptor  
  184  15:16  Pylon  
  187  15:23  Carrier x2 (Chrono Boost)  
  191  15:36  Probe  
  192  15:47  Probe  
  193  15:51  Disruptor  
  196  16:01  Probe  
  193  16:08  Pylon  
  193  16:09  Zealot  
  195  16:17  Dark Shrine  
  195  16:25  Pylon  
  195  16:37  Photon Cannon  
  195  16:39  Photon Cannon  
  195  16:42  Photon Cannon  
  195  16:43  Photon Cannon  
  188  16:59  Zealot x6  
  193  17:10  Stargate  
  193  17:15  Stargate  
  193  17:38  Zealot x5  
  171  17:59  Zealot x10  
Show
View Real Time Build Order
Export as new Build Order

BlyOnFire Zerg 

Build Orders: Hatch First 

Get SALT Encoding   

  12  0:00  Drone  
  13  0:12  Overlord  
  13  0:18  Drone  
  14  0:32  Drone x2  
  16  0:50  Hatchery  
  16  0:54  Drone  
  16  0:57  Drone  
  16  0:59  Drone  
  18  1:11  Extractor  
  17  1:15  Spawning Pool  
  16  1:19  Drone  
  16  1:22  Drone  
  18  1:28  Drone  
  19  1:46  Drone  
  20  1:51  Overlord  
  20  2:01  Queen  
  20  2:02  Queen  
  20  2:03  Zergling x4  
  26  2:12  Drone, Metabolic Boost  
  28  2:15  Drone  
  28  2:32  Drone x3  
  31  2:48  Queen  
  33  2:51  Zergling x2  
  33  2:53  Hatchery  
  33  3:08  Drone x3, Overlord  
  36  3:17  Overlord  
  36  3:30  Drone x6, Queen  
  44  3:43  Zergling x4  
  44  3:52  Drone x3, Zergling x2  
  44  3:53  Overlord  
  48  4:01  Roach Warren  
  47  4:05  Drone x2  
  47  4:06  Queen  
  47  4:07  Overlord  
  51  4:13  Zergling x6  
  53  4:26  Zergling x6  
  53  4:27  Zergling x14  
  61  4:38  Overlord  
  61  4:42  Overlord  
  61  4:43  Roach x3  
  67  4:48  Overlord x2  
  67  4:53  Overlord  
  67  4:55  Overlord  
  67  5:04  Zergling x14  
  64  5:13  Drone x5  
  67  5:18  Lair  
  67  5:23  Spore Crawler  
  66  5:29  Drone x7  
  66  5:34  Drone x2, Ravager  
  74  5:43  Zergling x8  
  74  5:44  Zergling x2  
  74  5:49  Extractor x2, Spore Crawler  
  76  5:50  Extractor  
  74  5:57  Drone x7  
  74  5:59  Spore Crawler  
  72  6:16  Drone x9  
  72  6:17  Spore Crawler  
  78  6:21  Spore Crawler  
  75  6:25  Extractor, Glial Reconstitution  
  75  6:26  Extractor  
  75  6:32  Drone x5  
  80  6:43  Drone x6  
  86  6:47  Drone  
  87  6:57  Roach x5  
  87  6:58  Overseer  
  96  7:06  Drone x4  
  96  7:07  Drone x2  
  102  7:16  Hatchery  
  102  7:20  Overlord  
  94  7:33  Drone x11  
  97  7:48  Drone x8  
  104  7:53  Spire  
  104  7:58  Roach x2  
  107  8:07  Ravager x5  
  112  8:32  Overlord  
  112  8:33  Zergling x2, Overlord x2  
  112  8:34  Zergling x14  
  120  8:37  Infestation Pit  
  120  8:39  Baneling Nest  
  120  8:40  Evolution Chamber  
  116  8:49  Hatchery  
  116  8:54  Drone x3  
  118  8:57  Roach x11  
  118  8:58  Roach  
  118  8:59  Hatchery  
  118  9:00  Ravager x4  
  143  9:06  Overlord x3  
  143  9:14  Overlord x2  
  143  9:15  Zerg Melee Weapons Level 1  
  143  9:16  Hive  
  143  9:26  Centrifical Hooks  
  143  9:28  Drone x7  
  143  9:31  Extractor  
  148  9:33  Extractor  
  142  9:42  Zergling x22  
  150  9:53  Zergling x6  
  153  10:04  Zergling x10  
  153  10:06  Baneling x21  
  148  10:20  Zergling x18  
  149  10:28  Roach  
  149  10:29  Roach x7  
  156  10:40  Roach x8  
  163  10:47  Baneling x11  
  162  10:50  Baneling x8  
  162  10:54  Queen x2  
  146  11:13  Zergling x42  
  134  11:27  Roach x5  
  134  11:32  Zergling x4  
  136  11:37  Drone x2  
  131  11:53  Baneling x12  
  126  11:56  Drone x2  
  126  11:57  Drone  
  127  12:02  Tunneling Claws  
  127  12:04  Burrow  
  127  12:14  Drone x8  
  122  12:23  Viper  
  122  12:24  Viper  
  122  12:26  Zergling x8  
  131  12:36  Baneling x7  
  129  12:42  Ravager x4  
  129  12:43  Zergling x14  
  129  12:44  Zergling x2  
  133  12:56  Zergling x16  
  138  13:13  Drone x10  
  148  13:21  Baneling x9  
  148  13:34  Baneling, Roach x2  
  148  13:35  Baneling x14  
  148  13:37  Roach x2  
  148  13:38  Roach  
  147  13:43  Zergling x10  
  147  13:47  Roach  
  147  13:48  Roach x2  
  136  14:00  Zergling x20  
  124  14:05  Drone x3  
  119  14:29  Hatchery  
  115  14:42  Hatchery, Roach x5  
  116  14:59  Infestor  
  115  15:00  Infestor x2  
  119  15:20  Roach x8  
  134  15:24  Ravager x3  
  136  15:34  Baneling x8  
  129  16:11  Roach x2  
  128  16:12  Roach  
  128  16:19  Hatchery, Spore Crawler, Roach  
  128  16:20  Roach x10  
  128  16:24  Infestor x3  
  154  16:38  Spore Crawler  
  146  16:41  Spore Crawler  
  145  16:52  Infestor x2  
  143  17:01  Extractor  
  140  17:09  Hatchery  
  140  17:15  Roach x12  
  163  17:34  Roach  
  163  17:35  Overlord, Roach x6  
Tags
 
Add a new tag
Caveats
  • Supply blocks, unpowered buildings, or Contaminate may cause inaccurate times.
  • Supply counts are checked every 10 seconds.